AoeStats
← Caribe

Hideout

508808009Analyzed
1v1 RM · 9d ago on Sep 24, 2026· 36m 0s· 2 players
Game mode
Random Map
Map size
Tiny (2 player)
Population
200
Speed
Normal
Resources
Standard
Victory
Conquest
Starting age
Dark Age
Ending age
Imperial Age
RankedLock teamsTeams togetherTeam positionsShared explorationLock speedFull tech treeHidden civsTurbo modeCheats
Victory
Defeat
🇻🇪 Vietnamese · Venezuela
1246
+19
🇦🇺 Spanish · Australia
1307
-19
Ryuk
7:41 Loom
7:56 Loom
9:52 Feudal Age
14:13 Castle Age
15:33 Double-Bit Axe
18:27 Gold Mining
19:26 Fletching
23:55 Imperial Age
21:47 Horse Collar
22:31 Fletching
23:27 Bow Saw
26:55 Bodkin Arrow
27:11 Elite Skirmisher
30:16 Ballistics
30:57 Chemistry
34:03 Padded Archer Armor
Caribe
11:05 Feudal Age
14:55 Castle Age
12:44 Double-Bit Axe
13:16 Horse Collar
14:18 Loom
15:57 Bow Saw
15:48 Heavy Plow
18:44 Fletching
20:40 Padded Archer Armor
22:36 Gold Mining
25:11 Bodkin Arrow
30:05 Imperial Age
31:01 Leather Archer Armor
31:13 Bracer
32:02 Forging
31:58 Scale Barding Armor
33:08 Two-Man Saw
33:02 Ballistics
33:25 Bloodlines
33:15 Husbandry
32:37 Light Cavalry
33:57 Wheelbarrow
33:07 Town Watch
34:59 Iron Casting
Connection lost

Rejoining the realm…

Still unreachable

The connection could not be restored.

Session expired

The server has moved on; the page needs a fresh start.